[Event "Titled Tuesday Blitz April 18 Early 2023"]
[White "Arias, Juan Cruz"]
[Black "Orujov2008"]
[WhiteFideId "118540"]
[WhiteElo "2243"]
[BlackElo "2438"]
[Result "1-0"]
[Round "09"]
[TimeControl "180+2"]
[Date "2023.04.18"]
[WhiteClock "0:00:10"]
[BlackClock "0:00:01"]

1. d4 Nf6 2. Bg5 d5 3. Bxf6 exf6 4. e3 Bd6 5. g3 c6 6. Bg2 O-O 7. Ne2 Nd7 8. O-O f5 9. b3 Nf6 10. c4 Ne4 11. Nbc3 Be6 12. cxd5 Bxd5 13. Nxd5 cxd5 14. Qd3 Rc8 15. Rac1 Qa5 16. a4 Qb4 17. Rc2 Rfe8 18. Rfc1 Rxc2 19. Qxc2 g6 20. Bxe4 fxe4 21. Qd1 Re7 22. Nc3 Qa5 23. Nb5 Qb6 24. Rc8+ Kg7 25. Qc2 a6 26. Nc3 Qa5 27. Ne2 Rc7 28. Rxc7 Bxc7 29. Qc3 Qb6 30. Qc2 Bd6 31. Nc3 Qc6 32. Qc1 Bb4 33. Ne2 Kf6 34. h4 h5 35. Kg2 Kg7 36. Qd1 Bd6 37. Qd2 Kg8 38. Qa5 Bc7 39. Qb4 b6 40. Qc3 Qd6 41. Qc2 Kg7 42. Nf4 Bb8 43. Qc8 a5 44. Qe8 Qc7 45. Qb5 Qd6 46. Nxd5 Qe6 47. Nc3 Bd6 48. Qc4 Qf6 49. Nxe4 Qe7 50. Qd5 Bc7 51. Ng5 Kg8 52. e4 Bb8 53. e5 Bc7 54. Qe4 Kg7 55. Nf3 Bb8 56. d5 Qc5 57. e6 fxe6 58. Qxe6 Bd6 59. Ng5 Be7 60. Qf7+ 1-0


[Site "https://www.chess.com"]

[Event "Titled Tuesday Blitz April 18 Early 2023"]
[White "Akylbek2021"]
[Black "Ezat, Mohamed"]
[BlackFideId "10600906"]
[WhiteElo "2436"]
[BlackElo "2386"]
[Result "1-0"]
[Round "09"]
[TimeControl "180+2"]
[Date "2023.04.18"]
[WhiteClock "0:01:32"]
[BlackClock "0:00:02"]

1. e4 c6 2. d3 d5 3. Nd2 e5 4. Ngf3 Bd6 5. g3 f5 6. Bg2 Nf6 7. O-O O-O 8. exd5 cxd5 9. c4 d4 10. Re1 Nc6 11. b4 Nxb4 12. Qb3 Kh8 13. Nxe5 a5 14. Ndf3 Ng4 15. c5 Bxe5 16. Nxe5 Nxe5 17. Rxe5 Nc6 18. Re2 a4 19. Qc4 f4 20. Bxf4 Bg4 21. Re4 Bf5 22. Re2 Na5 23. Qb5 Qc8 24. Rae1 Nc6 25. Bd6 Rg8 26. Bd5 Rd8 27. Bf7 Rf8 28. Bxf8 Qxf8 29. Re8 Rxe8 30. Rxe8 1-0


[Site "https://www.chess.com"]

[Event "Titled Tuesday Blitz April 18 Early 2023"]
[White "Vivas Zamora, Fabian Ernesto"]
[Black "Vlassov, Nikolai"]
[WhiteFideId "3902480"]
[BlackFideId "4103360"]
[WhiteElo "2262"]
[BlackElo "2324"]
[Result "0-1"]
[Round "09"]
[TimeControl "180+2"]
[Date "2023.04.18"]
[WhiteClock "0:00:21"]
[BlackClock "0:02:03"]

1. e4 Nc6 2. d4 d5 3. e5 h5 4. c3 Bg4 5. f3 Bf5 6. Bd3 Qd7 7. Be3 O-O-O 8. b4 f6 9. f4 g5 10. b5 Na5 11. fxg5 fxe5 12. dxe5 Bxd3 13. Qxd3 Nc4 14. Nf3 e6 15. Nbd2 Nxe3 16. Qxe3 Qxb5 17. Qxa7 Bc5 18. Rb1 Qxb1+ 19. Nxb1 Bxa7 20. Nbd2 Ne7 21. Rf1 Rdf8 22. h4 0-1


[Site "https://www.chess.com"]

[Event "Titled Tuesday Blitz April 18 Early 2023"]
[White "Lach, Aleksandra"]
[Black "Ibadov, Dashgyn"]
[WhiteFideId "1134299"]
[BlackFideId "24107514"]
[WhiteElo "2111"]
[BlackElo "2208"]
[Result "0-1"]
[Round "09"]
[TimeControl "180+2"]
[Date "2023.04.18"]
[WhiteClock "0:00:09"]
[BlackClock "0:00:05"]

1. e4 e6 2. d4 d5 3. Nc3 Nf6 4. exd5 exd5 5. Bd3 Be7 6. Bg5 O-O 7. Qd2 c6 8. O-O-O b5 9. f3 b4 10. Nce2 a5 11. Kb1 Nbd7 12. h4 a4 13. Bxf6 Nxf6 14. g4 a3 15. b3 Qc7 16. h5 c5 17. dxc5 Qe5 18. c3 Bxc5 19. f4 Qb8 20. g5 Ne4 21. Bxe4 dxe4 22. Qd5 Qb6 23. g6 Bb7 24. gxh7+ Kh8 25. Qf5 e3 26. Rh2 Rae8 27. Ka1 Be4 28. Qg4 bxc3 29. Nxc3 Bd4 30. Ne2 Rc8 31. Nxd4 Rxc3 32. h6 g6 33. Qg5 Qxd4 34. Qe5+ Qxe5 35. fxe5 Rfc8 0-1


[Site "https://www.chess.com"]

[Event "Titled Tuesday Blitz April 18 Early 2023"]
[White "Moksh Amit Doshi"]
[Black "Andrews, Todd"]
[WhiteFideId "25064967"]
[BlackFideId "2012456"]
[WhiteElo "2297"]
[BlackElo "2428"]
[Result "1-0"]
[Round "09"]
[TimeControl "180+2"]
[Date "2023.04.18"]
[WhiteClock "0:01:11"]
[BlackClock "0:00:01"]

1. d4 Nf6 2. c4 g6 3. Nc3 Bg7 4. e4 d6 5. h3 O-O 6. Be3 e5 7. d5 a5 8. g4 Na6 9. Nge2 Nd7 10. Ng3 Ndc5 11. h4 Bd7 12. h5 Nb4 13. f3 a4 14. Qd2 f6 15. hxg6 hxg6 16. Bh6 Rf7 17. Bxg7 Rxg7 18. Nb5 Nba6 19. Qh6 Nb4 20. Qd2 Nba6 21. O-O-O Kf7 22. Be2 Bxb5 23. cxb5 Nb3+ 24. axb3 Nc5 25. Qc3 Nxb3+ 26. Kb1 Nd4 27. Rc1 Kg8 28. Bc4 Qd7 29. Rh6 a3 30. Rch1 Kf7 31. Rh7 axb2 32. Rxg7+ Kxg7 33. Qxb2 Ra4 34. Qh2 Rb4+ 35. Ka1 Ra4+ 36. Ba2 Nb3+ 37. Kb2 1-0


[Site "https://www.chess.com"]

[Event "Titled Tuesday Blitz April 18 Early 2023"]
[White "Sreyas Payyappat"]
[Black "Mrudul Dehankar"]
[WhiteFideId "46674969"]
[BlackFideId "25096990"]
[WhiteElo "2083"]
[BlackElo "2139"]
[Result "1-0"]
[Round "09"]
[TimeControl "180+2"]
[Date "2023.04.18"]
[WhiteClock "0:00:14"]
[BlackClock "0:00:02"]

1. e4 c6 2. d4 d5 3. Nc3 dxe4 4. Nxe4 Nf6 5. Nxf6+ exf6 6. Bc4 Na6 7. Nf3 Bd6 8. Qe2+ Qe7 9. Qxe7+ Bxe7 10. Bxa6 bxa6 11. Bf4 Be6 12. O-O O-O 13. b3 Rfd8 14. Rad1 Bg4 15. Rfe1 Bb4 16. Re3 g5 17. Bg3 f5 18. Be5 f4 19. Red3 Bf5 20. Nxg5 Bxd3 21. Rxd3 Bd6 22. Bf6 Re8 23. Kf1 h6 24. Nf3 Re6 25. Be5 Rae8 26. c4 f6 27. Bxd6 Rxd6 28. c5 Rd5 29. Rc3 Re4 30. Rc4 Re7 31. Ra4 Kf7 32. Rxa6 Rc7 33. b4 Ke7 34. Ke2 Rd8 35. Kd3 Ke6 36. b5 Kd5 37. Nd2 Rb8 38. a4 cxb5 39. Rd6# 1-0


[Site "https://www.chess.com"]

[Event "Titled Tuesday Blitz April 18 Early 2023"]
[White "Fiorito, Francisco"]
[Black "Zacurdajev, Dmitry"]
[WhiteFideId "180165"]
[BlackFideId "4196309"]
[WhiteElo "2341"]
[BlackElo "2189"]
[Result "1-0"]
[Round "09"]
[TimeControl "180+2"]
[Date "2023.04.18"]
[WhiteClock "0:00:26"]
[BlackClock "0:00:01"]

1. d4 d5 2. Nc3 Nf6 3. Bf4 e6 4. Nb5 Na6 5. e3 c6 6. Nc3 Qa5 7. f3 Bd7 8. a3 c5 9. Qd2 c4 10. g4 b5 11. Rd1 b4 12. axb4 Bxb4 13. h4 Nc7 14. h5 h6 15. Bg2 Nb5 16. Nge2 Nxc3 17. bxc3 Be7 18. O-O Qd8 19. Qe1 a5 20. Qg3 a4 21. e4 a3 22. Ra1 Ba4 23. Rfc1 Qb6 24. Be3 Qb2 25. Rab1 Bxc2 26. Rxb2 axb2 27. Re1 O-O 28. g5 Nxh5 29. Qh4 Ra1 30. Rxa1 bxa1=Q+ 31. Kh2 Bxg5 32. Bxg5 hxg5 33. Qxh5 Qe1 34. Ng3 dxe4 35. fxe4 Qxc3 36. Qxg5 Qxd4 37. Nh5 Re8 38. e5 1-0


[Site "https://www.chess.com"]

[Event "Titled Tuesday Blitz April 18 Early 2023"]
[White "Tomaszewski, Kacper"]
[Black "Petrova, Irina"]
[WhiteFideId "1127373"]
[BlackFideId "14124122"]
[WhiteElo "2211"]
[BlackElo "2084"]
[Result "1-0"]
[Round "09"]
[TimeControl "180+2"]
[Date "2023.04.18"]
[WhiteClock "0:00:39"]
[BlackClock "0:00:08"]

1. c4 d6 2. g3 e5 3. Bg2 Nc6 4. Nc3 f5 5. Rb1 Nf6 6. b4 g6 7. b5 Ne7 8. e3 Bg7 9. Nge2 O-O 10. O-O Be6 11. Nd5 Nexd5 12. cxd5 Bd7 13. d3 Qe8 14. a4 b6 15. Qc2 Rc8 16. Ba3 g5 17. Rbc1 Qh5 18. Nc3 f4 19. Qd1 Bg4 20. f3 Bd7 21. g4 Qf7 22. e4 h5 23. h3 Qg6 24. Kf2 Kf7 25. Ke1 Rh8 26. Kd2 hxg4 27. hxg4 Rh2 28. Rf2 Rch8 29. Ne2 Ne8 30. Kc3 Ke7 31. Kb3 Qh6 32. Nc3 Qh4 33. Rcc2 Qg3 34. Qe2 Kd8 35. Na2 Bf6 36. Nb4 Kc8 37. Na6 Bd8 38. Qd2 Kb7 39. Qc1 Bc8 40. Rce2 Bd7 41. Bb4 Bc8 42. Qc6# 1-0


[Site "https://www.chess.com"]

[Event "Titled Tuesday Blitz April 18 Early 2023"]
[White "Reprintsev, Alexander"]
[Black "Koutsin, Sergey"]
[WhiteFideId "14100541"]
[BlackFideId "14101483"]
[WhiteElo "2211"]
[BlackElo "2381"]
[Result "0-1"]
[Round "09"]
[TimeControl "180+2"]
[Date "2023.04.18"]
[WhiteClock "0:01:40"]
[BlackClock "0:01:15"]

1. e4 e6 2. d4 d5 3. Nc3 Nf6 4. Bg5 Bb4 5. e5 h6 6. exf6 hxg5 7. fxg7 Rg8 8. a3 Bxc3+ 9. bxc3 Qf6 10. h4 gxh4 11. Qh5 Qxg7 12. Rxh4 Bd7 13. Nf3 Nc6 14. Bb5 O-O-O 15. Bxc6 Bxc6 16. g3 f6 17. Qh7 Qxh7 18. Rxh7 Rh8 19. Rxh8 Rxh8 20. Ke2 Be8 21. Ke3 Bg6 22. Rc1 Kd7 23. Nh4 Bh7 24. f4 Be4 25. Kd2 b6 26. Rf1 Ke7 27. Rf2 Rh7 28. Ke3 Kd6 29. c4 c5 30. cxd5 exd5 31. c3 Rg7 32. Rh2 Rxg3+ 33. Kd2 Rd3+ 34. Ke2 Rxc3 35. dxc5+ bxc5 36. Kd1 Rxa3 37. f5 Ra1+ 38. Kd2 Ra2+ 0-1


[Site "https://www.chess.com"]

[Event "Titled Tuesday Blitz April 18 Early 2023"]
[White "Gonzalez Zamora, Juan Carlos"]
[Black "Bilan, Danila"]
[WhiteFideId "3507548"]
[BlackFideId "24161918"]
[WhiteElo "2535"]
[BlackElo "2182"]
[Result "0-1"]
[Round "09"]
[TimeControl "180+2"]
[Date "2023.04.18"]
[WhiteClock "0:00:12"]
[BlackClock "0:00:04"]

1. e4 c6 2. d4 d5 3. exd5 cxd5 4. c4 Nf6 5. Nc3 Nc6 6. Nf3 Bg4 7. cxd5 Nxd5 8. Qb3 Bxf3 9. gxf3 e6 10. Qxb7 Nxd4 11. Bb5+ Nxb5 12. Qc6+ Ke7 13. Qxb5 Qd7 14. Nxd5+ Qxd5 15. Qxd5 exd5 16. Be3 Ke6 17. Ke2 Bd6 18. Rac1 Rhc8 19. h3 Be5 20. b3 Bb2 21. Rxc8 Rxc8 22. Kd3 a6 23. Rg1 g6 24. Rg4 h5 25. Rb4 Rc6 26. a4 f6 27. Rb7 g5 28. b4 h4 29. Bc5 f5 30. Rh7 Bf6 31. a5 Be5 32. Ke2 Bf6 33. Rb7 d4 34. Kd3 Kd5 35. Rd7+ Ke6 36. Rb7 Kd5 37. Ke2 Kc4 38. Rd7 Re6+ 39. Kf1 d3 40. Be3 Bc3 41. b5 axb5 42. Rc7+ Kb3 43. Bxg5 b4 44. a6 Rxa6 45. Rd7 Ra1+ 46. Kg2 d2 47. Bxd2 Bxd2 48. Rxd2 Ra6 49. f4 Kc3 50. Re2 b3 51. Re8 Rc6 52. Kf3 b2 53. Re1 Kc2 54. Re2+ Kb3 55. Re3+ Rc3 0-1


[Site "https://www.chess.com"]

[Event "Titled Tuesday Blitz April 18 Early 2023"]
[White "Dwilewicz, Katarzyna"]
[Black "Saravana, Krishnan P."]
[WhiteFideId "1148486"]
[BlackFideId "5018382"]
[WhiteElo "2065"]
[BlackElo "2189"]
[Result "1-0"]
[Round "09"]
[TimeControl "180+2"]
[Date "2023.04.18"]
[WhiteClock "0:00:05"]
[BlackClock "0:01:06"]

1. e4 c6 2. d4 d5 3. exd5 cxd5 4. Bd3 Nc6 5. c3 g6 6. Bf4 Bf5 7. Bxf5 gxf5 8. Nd2 e6 9. Qf3 Nf6 10. Ne2 Bd6 11. O-O-O Rc8 12. Kb1 Ne4 13. Nxe4 fxe4 14. Qg3 Be7 15. f3 exf3 16. Qxf3 Na5 17. Rhf1 f6 18. Qh5+ Kd7 19. Bh6 Rg8 20. Nf4 Qe8 21. Qh3 Rc6 22. Rde1 Bd8 23. Rxe6 Rxe6 24. Re1 f5 25. Qxf5 Rg6 26. Qxd5+ Kc8 27. Rxe6 Rxe6 28. Qxe6+ Qd7 29. Kc2 Nc6 30. Kd3 Bc7 31. Qxd7+ Kxd7 32. Ke4 b5 33. h4 a5 34. g4 a4 35. Nd5 Bd8 36. h5 Na5 37. Bf4 Nc4 38. b3 Na5 39. bxa4 bxa4 40. g5 Nc4 41. g6 hxg6 42. h6 g5 43. h7 gxf4 44. h8=Q Nd6+ 45. Kxf4 Bg5+ 46. Kg4 Bd8 47. Qg7+ Kc6 48. Nb4+ Kb5 49. Qd7+ Kc4 50. Qxd6 Ba5 51. Qc6# 1-0


[Site "https://www.chess.com"]

[Event "Titled Tuesday Blitz April 18 Early 2023"]
[White "LeoLV10"]
[Black "Lehtosaari, Mauri"]
[BlackFideId "501999"]
[WhiteElo "2394"]
[BlackElo "2506"]
[Result "0-1"]
[Round "09"]
[TimeControl "180+2"]
[Date "2023.04.18"]
[WhiteClock "0:00:02"]
[BlackClock "0:00:19"]

1. e4 d5 2. exd5 Qxd5 3. Nc3 Qd8 4. Bc4 Nf6 5. d3 Bg4 6. f3 Bh5 7. Bd2 e6 8. g4 Nxg4 9. fxg4 Qh4+ 10. Kf1 Bxg4 11. Qe1 Bh3+ 12. Nxh3 Qxh3+ 13. Kf2 Nd7 14. Qf1 Qh5 15. Be3 Ne5 16. Qe2 Qh4+ 17. Kf1 Be7 18. Bf2 Qh3+ 19. Ke1 Qg2 20. Rg1 Nf3+ 21. Kd1 Nxg1 22. Ne4 Nxe2 0-1


[Site "https://www.chess.com"]

[Event "Titled Tuesday Blitz April 18 Early 2023"]
[White "Sowul, Bartosz"]
[Black "Koridze, Lile"]
[WhiteFideId "1137590"]
[BlackFideId "13612514"]
[WhiteElo "2188"]
[BlackElo "2047"]
[Result "0-1"]
[Round "09"]
[TimeControl "180+2"]
[Date "2023.04.18"]
[WhiteClock "0:00:02"]
[BlackClock "0:00:08"]

1. e4 c5 2. Nc3 d6 3. d4 cxd4 4. Qxd4 a6 5. b3 Nc6 6. Qd2 g6 7. Bb2 Bg7 8. O-O-O Nf6 9. Kb1 Qa5 10. f3 Bd7 11. Nge2 Rc8 12. Nd5 Nh5 13. Qxa5 Nxa5 14. g4 Bxb2 15. Kxb2 Ng7 16. Nef4 Ne6 17. c4 Nc6 18. Ne2 Ne5 19. Bg2 b5 20. cxb5 Bxb5 21. Nec3 Nd3+ 22. Rxd3 Bxd3 23. a4 a5 24. Rd1 Ba6 25. Nb5 Nc5 26. Bf1 Kf8 27. Bc4 Rb8 28. Ka3 Rb7 29. Rc1 Kg7 30. Ndc7 Rhb8 31. Bd5 Rb6 32. Nxa6 Nxa6 33. Bc4 Nc5 34. h4 Rd8 35. Rd1 Nd7 36. g5 Ne5 37. Be2 Rc6 38. Nd4 Rc3 39. Kb2 Rdc8 40. f4 Nd7 41. Bc4 Re3 42. Bd3 Nc5 43. Bc2 Nxe4 44. Nb5 Re2 45. Rc1 Nf2 46. Kb1 Ne4 47. Nd4 Nc3+ 48. Kb2 Rd2 49. Nb5 Ne2 50. Na7 Rc5 51. b4 axb4 52. Rd1 Rcxc2+ 53. Kb3 Rc3+ 54. Kxb4 Rxd1 55. Nb5 Rb1+ 56. Ka5 Rc5 57. Ka6 Nc3 0-1


[Site "https://www.chess.com"]

[Event "Titled Tuesday Blitz April 18 Early 2023"]
[White "Ljukin, Sergei"]
[Black "Pavlidou, Ekaterini"]
[WhiteFideId "14102200"]
[BlackFideId "4213262"]
[WhiteElo "2312"]
[BlackElo "2126"]
[Result "0-1"]
[Round "09"]
[TimeControl "180+2"]
[Date "2023.04.18"]
[WhiteClock "0:00:01"]
[BlackClock "0:00:14"]

1. e4 c5 2. Nf3 Nc6 3. d4 cxd4 4. Nxd4 e5 5. Nb5 d6 6. N1c3 a6 7. Na3 Be6 8. Nc4 b5 9. Ne3 g6 10. a4 b4 11. Ncd5 Bg7 12. Bc4 Nge7 13. O-O Na5 14. Ba2 O-O 15. Nxb4 Bxa2 16. Rxa2 f5 17. f3 Qb6 18. Nd5 Nxd5 19. Qxd5+ Kh8 20. Kh1 Rac8 21. Bd2 Rc5 22. Qd3 Nb7 23. b4 Rcc8 24. Nd5 Qc6 25. c3 fxe4 26. Qxe4 Rf7 27. Be3 Nd8 28. Rd1 Ne6 29. Nb6 Qxe4 30. fxe4 Rxc3 31. Bg1 Nd4 32. b5 axb5 33. a5 b4 34. Nd5 Ra3 35. Rxa3 bxa3 36. Ra1 Nc2 37. Ra2 Nd4 38. Rxa3 Ra7 39. a6 h5 40. Nb4 Bh6 41. Bxd4 exd4 42. Nc6 Ra8 43. a7 Be3 44. Rb3 d3 45. Rxd3 Bxa7 46. Ra3 Rc8 47. Ra6 Bc5 48. g3 Re8 0-1


[Site "https://www.chess.com"]

[Event "Titled Tuesday Blitz April 18 Early 2023"]
[White "Degenbaev, Aziz"]
[Black "Andersson, Bjorn 1971"]
[WhiteFideId "13802640"]
[BlackFideId "1702114"]
[WhiteElo "2152"]
[BlackElo "2176"]
[Result "1-0"]
[Round "09"]
[TimeControl "180+2"]
[Date "2023.04.18"]
[WhiteClock "0:00:20"]
[BlackClock "0:00:04"]

1. e4 c5 2. Nf3 Nc6 3. Bb5 e6 4. Bxc6 bxc6 5. d3 Ne7 6. Nbd2 Ng6 7. h4 h5 8. e5 Be7 9. Nc4 Ba6 10. Qe2 Bxc4 11. dxc4 Bxh4 12. Nxh4 Nxh4 13. g3 Ng6 14. Rxh5 Rxh5 15. Qxh5 Qc7 16. f4 O-O-O 17. Bd2 Rh8 18. Qf3 Nxe5 19. fxe5 Qxe5+ 20. Kd1 Rh2 21. Bc3 Qg5 22. a4 Qg6 23. Rc1 Qh6 24. Be1 Rh1 25. Qf4 Qh5+ 26. Kd2 Rh2+ 27. Kc3 Qe2 28. Kb3 f5 29. Bc3 Rf2 30. Qd6 Rf3 31. Rd1 Rxc3+ 32. bxc3 Qe4 33. Qxd7+ Kb8 34. Qd8+ Kb7 35. Rd7+ Ka6 36. Qc8+ Kb6 37. Qb7+ Ka5 38. Qxa7# 1-0


[Site "https://www.chess.com"]

[Event "Titled Tuesday Blitz April 18 Early 2023"]
[White "Skaric, Djuro"]
[Black "Toncheva, Nadya"]
[WhiteFideId "934569"]
[BlackFideId "2924056"]
[WhiteElo "2282"]
[BlackElo "2101"]
[Result "1-0"]
[Round "09"]
[TimeControl "180+2"]
[Date "2023.04.18"]
[WhiteClock "0:00:19"]
[BlackClock "0:00:03"]

1. g3 c5 2. Bg2 d6 3. d3 e5 4. Nc3 g6 5. e4 Bg7 6. f4 Ne7 7. Nf3 Nbc6 8. O-O O-O 9. Be3 h6 10. Qd2 Kh7 11. h3 Be6 12. Kh2 Nd4 13. Rf2 Rb8 14. a4 Qd7 15. g4 exf4 16. Bxf4 Nec6 17. Raf1 a6 18. g5 h5 19. Nh4 Ne5 20. a5 Qd8 21. Nd5 Bxd5 22. exd5 Qd7 23. Be4 Kg8 24. Qd1 b6 25. c3 Nb5 26. axb6 Rxb6 27. Qa4 Nc7 28. Qa2 Rfb8 29. d4 cxd4 30. cxd4 Ng4+ 31. hxg4 Qxg4 32. Ng2 Bxd4 33. Qc4 Bxf2 34. Rxf2 Rxb2 35. Bf3 Qd7 36. Rxb2 Rxb2 37. Qd4 Nb5 38. Qxb2 Qf5 39. Qf6 Qd3 40. Bc1 Qc2 41. Bb2 Kf8 42. Kg3 h4+ 43. Nxh4 a5 44. Qd8# 1-0


[Site "https://www.chess.com"]

[Event "Titled Tuesday Blitz April 18 Early 2023"]
[White "Chernov, Mikhail"]
[Black "micke12a"]
[WhiteFideId "24143170"]
[WhiteElo "2113"]
[BlackElo "2350"]
[Result "0-1"]
[Round "09"]
[TimeControl "180+2"]
[Date "2023.04.18"]
[WhiteClock "0:00:01"]
[BlackClock "0:00:04"]

1. d4 d5 2. Nc3 Nf6 3. Bf4 e6 4. e3 a6 5. g4 c5 6. g5 Nfd7 7. h4 Nc6 8. Nf3 b5 9. h5 Nb6 10. Ne2 Bd6 11. c3 Bb7 12. Bh3 Qe7 13. dxc5 Bxc5 14. Ned4 Nxd4 15. exd4 Bd6 16. Qd2 Nc4 17. Qc1 Bxf4 18. Qxf4 Nxb2 19. O-O Na4 20. Rac1 O-O 21. h6 f6 22. hxg7 Kxg7 23. Rfe1 fxg5 24. Qxg5+ Qxg5+ 25. Nxg5 Rfc8 26. Rxe6 Rc7 27. Re3 Kg6 28. f4 Bc8 29. Bg2 Bb7 30. Bf1 Kf5 31. Ne6 Rg8+ 32. Kf2 Re7 33. Bh3+ Kf6 34. Rce1 Bc8 35. Ng5 Rxe3 36. Rxe3 Bxh3 37. Nxh3 Rc8 38. Ng5 h6 39. Nf3 Rxc3 40. Re8 Rc2+ 41. Kg3 Rxa2 42. Ra8 Nc3 43. Ne5 b4 44. Rb8 a5 45. Kg4 Ne4 46. Rb6+ Ke7 47. f5 Rg2+ 48. Kf4 Rf2+ 49. Ke3 Rxf5 50. Rxh6 Rf1 51. Ra6 Re1+ 52. Kd3 Ra1 53. Nc6+ Kd7 54. Nxa5 b3 55. Ra7+ Kc8 56. Ra8+ Kc7 57. Ra7+ Kb6 58. Rb7+ Ka6 59. Rxb3 Rxa5 60. Rb8 Ra3+ 61. Kc2 Rc3+ 62. Kb2 Rc6 63. Rd8 Rd6 64. Re8 Kb6 65. Kb3 Kb5 66. Rb8+ Rb6 67. Rd8 Kc6+ 68. Kc2 Nd6 69. Kd3 Rb3+ 70. Kc2 Rh3 71. Rg8 Nb5 72. Rg6+ Kb7 73. Rg7+ Kb6 74. Rg6+ Ka5 75. Rg5 Nxd4+ 76. Kb2 Rh2+ 77. Kb1 Rh1+ 78. Kb2 Rh2+ 79. Kb1 Nb5 80. Rxd5 Kb4 81. Rg5 Nc3+ 82. Kc1 Kb3 0-1


[Site "https://www.chess.com"]

[Event "Titled Tuesday Blitz April 18 Early 2023"]
[White "Novikova, Galina"]
[Black "Rom, Jasper"]
[WhiteFideId "4157095"]
[BlackFideId "2023733"]
[WhiteElo "1953"]
[BlackElo "2233"]
[Result "1-0"]
[Round "09"]
[TimeControl "180+2"]
[Date "2023.04.18"]
[WhiteClock "0:00:07"]
[BlackClock "0:00:01"]

1. e4 e6 2. Nf3 d5 3. e5 c5 4. b4 c4 5. c3 Nd7 6. d3 Qc7 7. Bf4 f6 8. d4 Ne7 9. h4 Ng6 10. Bg3 fxe5 11. h5 Nf4 12. dxe5 g5 13. hxg6 Nxg6 14. Qc2 Bg7 15. Rxh7 Ndf8 16. Rxh8 Bxh8 17. Nbd2 Bd7 18. Nh4 Nxe5 19. Ndf3 Nxf3+ 20. gxf3 e5 21. Ng6 Be6 22. Nxh8 Qg7 23. Qe2 e4 24. Qe3 Qxh8 25. fxe4 O-O-O 26. O-O-O dxe4 27. Rxd8+ Kxd8 28. Bg2 Bf5 29. Kb2 Qh7 30. Qxa7 Qd7 31. Qb8+ Ke7 32. Qe5+ Kd8 33. Bh4+ Kc8 34. Qc5+ Kb8 35. Qxf8+ Ka7 36. Qc5+ Kb8 37. Qe3 1-0


[Site "https://www.chess.com"]

[Event "Titled Tuesday Blitz April 18 Early 2023"]
[White "Bettalli, Francesco"]
[Black "Fajdetic, Hrvoje"]
[WhiteFideId "2816453"]
[BlackFideId "14501945"]
[WhiteElo "2216"]
[BlackElo "2185"]
[Result "1-0"]
[Round "09"]
[TimeControl "180+2"]
[Date "2023.04.18"]
[WhiteClock "0:00:42"]
[BlackClock "0:00:03"]

1. d4 e6 2. Nc3 d5 3. f3 c5 4. e3 Nc6 5. Bb5 Nf6 6. Nge2 Bd7 7. O-O a6 8. Bxc6 bxc6 9. Kh1 Bd6 10. Qe1 Qe7 11. Qh4 e5 12. dxe5 Qxe5 13. Nd1 g5 14. Qg3 Qxg3 15. Nxg3 h5 16. e4 h4 17. Nf5 Bxf5 18. exf5 Rg8 19. Nf2 Kd7 20. Bd2 Rae8 21. Rae1 Re5 22. Rxe5 Bxe5 23. Nd3 Bd6 24. Be3 d4 25. Bf2 c4 26. Nc1 c5 27. b3 cxb3 28. axb3 Rh8 29. Nd3 Nh5 30. Kg1 Kc6 31. Ra1 Ra8 32. Nb2 Nf4 33. Nc4 Bc7 34. Kf1 h3 35. g3 Nd5 36. Ke2 Nb4 37. Kd2 Rd8 38. Be1 Re8 39. Bf2 Rd8 40. Re1 d3 41. c3 Nd5 42. Ra1 a5 43. Nxa5+ Bxa5 44. Rxa5 Re8 45. Rxc5+ Kd6 46. Kxd3 g4 47. fxg4 Ra8 48. c4 Nf6 49. Rb5 Kc6 50. Rb6+ Kd7 51. Rxf6 Ra2 52. Rxf7+ Ke8 53. Rh7 Rxf2 54. Rxh3 Rb2 55. Kc3 Rg2 56. g5 Kf7 57. g6+ Kg7 58. Rh7+ 1-0


[Site "https://www.chess.com"]

[Event "Titled Tuesday Blitz April 18 Early 2023"]
[White "Gheorghiu, Calin"]
[Black "Omariev, Maksim"]
[WhiteFideId "1200305"]
[BlackFideId "4193423"]
[WhiteElo "2223"]
[BlackElo "2467"]
[Result "1-0"]
[Round "09"]
[TimeControl "180+2"]
[Date "2023.04.18"]
[WhiteClock "0:00:31"]
[BlackClock "0:00:05"]

1. e4 c5 2. Nf3 d6 3. d4 cxd4 4. Nxd4 Nf6 5. Nc3 a6 6. Be3 Ng4 7. Bc1 Nf6 8. f3 e6 9. Be3 b5 10. Qd2 Nbd7 11. O-O-O b4 12. Na4 d5 13. exd5 Nxd5 14. Bc4 Bb7 15. Rhe1 Qa5 16. Bb3 Be7 17. Bg5 Bxg5 18. Qxg5 O-O 19. Nxe6 fxe6 20. Rxe6 Kh8 21. Re7 Rg8 22. Rxd7 Bc6 23. R1xd5 Bxd5 24. Qxd5 Qxd5 25. Bxd5 Rad8 26. Rxd8 Rxd8 27. Be4 Rd6 28. c4 bxc3 29. bxc3 g5 30. c4 Kg7 31. c5 Rd4 32. Nb6 Kf6 33. c6 Rb4 34. c7 Rxb6 35. c8=Q Re6 36. Qf8+ Ke5 37. Qf5+ Kd6 38. Qxg5 h6 39. Qd5+ Ke7 40. Bf5 Rd6 41. Qe5+ Kf7 42. Qxd6 h5 43. Qe6+ Kf8 44. Bg6 Kg7 45. Qf7+ Kh6 46. f4 h4 47. Qh7# 1-0


[Site "https://www.chess.com"]

[Event "Titled Tuesday Blitz April 18 Early 2023"]
[White "Dixit, Nikhil"]
[Black "Kyaw Lay Htaik"]
[WhiteFideId "5059534"]
[BlackFideId "13002007"]
[WhiteElo "2207"]
[BlackElo "2261"]
[Result "0-1"]
[Round "09"]
[TimeControl "180+2"]
[Date "2023.04.18"]
[WhiteClock "0:00:06"]
[BlackClock "0:00:16"]

1. e4 c5 2. Nf3 Nc6 3. Bb5 g6 4. Bxc6 bxc6 5. O-O Bg7 6. d3 d6 7. Nbd2 Nh6 8. Nc4 O-O 9. h3 f6 10. Rb1 Nf7 11. b3 Be6 12. a4 Ne5 13. Ncxe5 fxe5 14. Ng5 Bd7 15. Be3 h6 16. Nf3 Qe8 17. Nd2 g5 18. g4 Qg6 19. Re1 Rf7 20. Nf1 Raf8 21. Ng3 Rf3 22. Kg2 R3f7 23. Nf5 h5 24. gxh5 Qf6 25. Qg4 Bxf5 26. exf5 Qxf5 27. Qxf5 Rxf5 28. b4 cxb4 29. Rxb4 Kf7 30. Rb7 a5 31. Reb1 d5 32. Ra7 d4 33. Bd2 Ke6 34. Be1 e4 35. dxe4 Rc5 36. Rxa5 Rxc2 37. Rxg5 Be5 38. Rg6+ Bf6 39. a5 Ra2 40. Rb6 d3 41. Rxc6+ Kd7 42. Rc5 e6 43. h6 d2 44. Bxd2 Rxd2 45. h7 Bd4 46. Rb5 Rfxf2+ 47. Kg3 Rg2+ 48. Kh4 Rxg6 49. Rb7+ Kc6 50. Kh5 Rdg2 51. h4 R6g3 52. Rf7 Ra3 53. a6 Rxa6 54. e5 Bxe5 55. Re7 Ra5 56. Rxe6+ Kd7 57. Rg6 Bg7+ 58. Rg5 Raxg5+ 59. hxg5 Ke6 60. Kg6 Bh8 61. Kh5 Kf5 62. Kh4 Rxg5 63. Kh3 Kf4 64. Kh4 Bf6 65. Kh3 Kf3 66. Kh4 Rf5+ 67. Kh3 Rh5# 0-1


[Site "https://www.chess.com"]

[Event "Titled Tuesday Blitz April 18 Early 2023"]
[White "Weetik, Vjacheslav"]
[Black "Kielinkei"]
[WhiteFideId "4153472"]
[WhiteElo "2469"]
[BlackElo "2450"]
[Result "1-0"]
[Round "09"]
[TimeControl "180+2"]
[Date "2023.04.18"]
[WhiteClock "0:00:27"]
[BlackClock "0:00:18"]

1. d4 d5 2. Bf4 c5 3. e3 Nc6 4. c3 Qb6 5. Qb3 c4 6. Qc2 Nf6 7. Nd2 g6 8. e4 Nxe4 9. Nxe4 dxe4 10. Bxc4 Bf5 11. Qb3 Qxb3 12. axb3 Bg7 13. Be3 e6 14. Ne2 h5 15. b4 Kd7 16. O-O Ne7 17. Ra5 b6 18. Ra6 Kc7 19. Rfa1 Kb7 20. R6a3 Nd5 21. Bd2 Bh6 22. Bxh6 Rxh6 23. Ba6+ Kc7 24. Bc4 Kb7 25. h4 Rhh8 26. Ba6+ Kc7 27. Bc4 Kb7 28. Ng3 Rhe8 29. Ba6+ Kc7 30. Bb5 Reb8 31. Rxa7+ Rxa7 32. Rxa7+ Rb7 33. Rxb7+ Kxb7 34. Be8 e3 35. Bxf7 exf2+ 36. Kxf2 Nf4 37. Nxf5 exf5 38. Kf3 Nd3 39. Bxg6 Nxb2 40. Bxh5 Na4 41. c4 Nb2 42. c5 b5 43. Be8 1-0


[Site "https://www.chess.com"]